 Dungeon Crawl Stone Soup version 0.25-a0-388-g41a7e554cb (webtiles) character file.

Game seed: 12889305440591323187, levelgen mode: deterministic

527 Borgoz the Cudgeler (level 7, 44/44 HPs)
             Began as a Gargoyle Berserker on Jan 7, 2020.
             Was a Believer of Trog.
             Quit the game on level 4 of the Dungeon.
             The game lasted 00:04:28 (3415 turns).

Borgoz the Cudgeler (Gargoyle Berserker)            Turns: 3415, Time: 00:04:28

Health: 44/44      AC: 15    Str: 22    XL:     7   Next: 23%
Magic:  7/7        EV: 13    Int:  8    God:    Trog [**....]
Gold:   233        SH:  6    Dex:  9    Spells: 6/6 levels left

rFire    . . .     SeeInvis .   p - +0 morningstar
rCold    . . .     Gourm    .   (no shield)
rNeg     + . .     Faith    .   q - +0 scale mail
rPois    ∞         Spirit   .   (no helmet)
rElec    +         Reflect  +   (no cloak)
rCorr    .         Harm     .   i - +2 pair of gloves
MR       .....                  (no boots)
Stlth    ..........             d - +6 amulet of reflection
HPRegen  0.14/turn              n - +2 ring of evasion
MPRegen  0.10/turn              (no ring)

@: no status effects
A: negative energy resistance 1, electricity resistance, unbreathing,
petrification resistance, rot immunity, AC +4
a: Berserk, Trog's Hand, Renounce Religion


You were on level 4 of the Dungeon.
You worshipped Trog.
Trog was pleased with you.
You were not hungry.

You visited 1 branch of the dungeon, and saw 6 of its levels.

You collected 233 gold pieces.

Inventory:

Hand Weapons
 p - a +0 morningstar (weapon)
Armour
 i - a +2 pair of gloves (worn)
 q - a +0 scale mail (worn)
Jewellery
 d - a +6 amulet of reflection (around neck)
 n - a +2 ring of evasion (left hand)
Scrolls
 a - a scroll of blinking {unknown}
 e - 2 scrolls of remove curse
 g - 2 scrolls of teleportation
 h - a scroll of fear {unknown}
 m - a scroll of fog {unknown}
 o - a scroll of magic mapping {unknown}
Potions
 k - a potion of resistance
 l - a potion of lignification
Comestibles
 b - 5 chunks of flesh
 c - 10 rations


   Skills:
 + Level 4.8 Fighting
 * Level 5.5 Maces & Flails
 + Level 4.1 Armour
 + Level 3.1 Dodging


You had 6 spell levels left.
You didn't know any spells.
Your spell library was empty.

Dungeon Overview and Level Annotations

Branches:
Dungeon (6/15)
 Temple: D:4-7

Altars:


Innate Abilities, Weirdness & Mutations

You are resistant to torment.
Your stone body is resilient. (AC +4)
You are immune to poison.
You resist negative energy. (rN+)
You are resistant to electric shocks. (rElec)
You can survive without breathing.
You are immune to petrification.
You are immune to rotting.


Message History

Trog accepts your kill.
No target in view!
No target in view!
Found 25 stones.
Found a stone staircase leading up.
A dart slug comes into view.
The orc shouts!
A quokka zombie comes into view.
There is a stone staircase leading up here.
You climb upwards.
You hear the sound of rushing water.
There is an entrance to a sewer on this level.
Hurry and find it before the portal rusts away!
The walls and floor vibrate strangely for a moment.
There is a stone staircase leading down here.
The adder hisses angrily.
The adder hisses angrily. x3
There is an open door here.
HP restored.
Found a mace.
Unknown command.
Are you sure you want to abandon this character and quit the game? (Confirm with "yes".)

##### .)....####
.......^.. .#######.#
.#≈≈≈≈≈#.# .+≈≈.Ss#.#
.#≈≈SSS#.###############
.#######...#........'...
.......@...#........#...
...........#........#...
########...##......#####
####'##......##...
#.................
#.................
#.................
#.................
######...........#####


You could see 4 adders and a giant cockroach.

Vanquished Creatures
  Sigmund (D:4)
  A sky beast (D:6)
  An ogre (D:6)
  2 centaur skeletons (D:4)
  An orc wizard (D:3)
  Terence (D:3)
  2 adders (D:3)
  2 worms (D:3)
  A dart slug (D:1)
  5 leopard geckos
  5 orcs
  3 giant cockroaches
  6 goblins
  6 hobgoblins
  4 kobolds
  3 quokkas
  4 ball pythons
  6 bats
  3 frilled lizards
  21 rats
  A bush (D:2)
79 creatures vanquished.

Notes
Turn   | Place    | Note
-------+----------+-------------------------------------------
     0 | D:1      | Borgoz the Gargoyle Berserker began the quest for the Orb.
     0 | D:1      | Reached XP level 1. HP: 14/14 MP: 1/1
   271 | D:1      | Reached XP level 2. HP: 19/19 MP: 2/2
   772 | D:1      | Reached XP level 3. HP: 23/23 MP: 3/3
   866 | D:2      | Reached ** piety under Trog
  1898 | D:3      | Noticed Terence
  1912 | D:3      | Killed Terence
  1912 | D:3      | Reached XP level 4. HP: 29/29 MP: 4/4
  1915 | D:3      | Reached skill level 4 in Maces & Flails
  2101 | D:3      | Reached XP level 5. HP: 33/33 MP: 5/5
  2573 | D:4      | Noticed Sigmund
  2602 | D:4      | Killed Sigmund
  2602 | D:4      | Reached *** piety under Trog
  2602 | D:4      | Reached XP level 6. HP: 19/39 MP: 6/6
  2608 | D:4      | Reached skill level 5 in Maces & Flails
  3111 | D:4      | Found a glowing drain.
  3112 | D:4      | You fall into a shaft and drop 2 floors!
  3352 | D:6      | Noticed a sky beast
  3359 | D:6      | Killed a sky beast
  3359 | D:6      | Reached XP level 7. HP: 44/44 MP: 7/7
  3373 | D:5      | Entered Level 5 of the Dungeon
  3415 | D:4      | Quit the game

Levels and vault maps discovered:
D:1:      lightli_arrival_statue_moat, layout_basic
D:2:      layout_basic, serial_forest, infiniplex_forest_clump_double,
          infiniplex_forest_straight_2, infiniplex_forest_lined_3,
          infiniplex_forest_end_2, infiniplex_forest_clump_long,
          infiniplex_forest_straight_5, infiniplex_forest_clump_long,
          infiniplex_forest_clump_double, first_ration, minmay_rat_hole
D:3:      layout_rooms, minmay_misc_feat_ornament, uniq_terence
D:4:      layout_gridville, gup_sewer_entry_glass, chequers_mini_garden,
          uniq_sigmund
D:5:      layout_layer_cave, minmay_temple_entry_fiery
D:6:      layout_loops_ring, tso_altar, basic_altar

Skill      XL: |  1  2  3  4  5  6 |
---------------+-------------------+-----
Dodging        | 2 3 |  3.1
Maces & Flails | 4 5 |  5.5
Armour         | 3 4 |  4.1
Fighting       | 4 |  4.8

Action                   |  1- 3 |  4- 6 |  7- 9 || total
-------------------------+-------+-------+-------++-------
Melee: Mace              |   213 |    15 |       ||   228
       Morningstar       |       |    85 |     6 ||    91
Invok: Berserk           |     1 |     2 |       ||     3
  Use: Scroll            |     3 |     3 |       ||     6
       Potion            |       |     4 |       ||     4
  Eat: Chunk             |     3 |     8 |       ||    11
Armor: Animal skin       |    77 |     4 |       ||    81
       Scale mail        |       |    71 |       ||    71
       Skin              |       |    60 |       ||    60
Dodge: Dodged            |   109 |   102 |     2 ||   213
Block: Other             |       |       |     2 ||     2

Table legend:
 A = Non-vault XP
 B = Vault XP
 C = Vault XP percentage of total XP
 D = Non-vault monster count
 E = Vault monster count
 F = Vault count percentage of total count
                 A         B        C        D         E       F
            +---------+---------+-------+---------+---------+-------
      Total |     489 |     264 |  35.1 |      57 |      21 |  26.9
            +---------+---------+-------+---------+---------+-------
        D:1 |      37 |       0 |   0.0 |      20 |       0 |   0.0
        D:2 |       5 |      20 |  80.0 |       3 |      19 |  86.4
        D:3 |     118 |      32 |  21.3 |      26 |       1 |   3.7
        D:4 |      87 |     212 |  70.9 |       5 |       1 |  16.7
        D:5 |       2 |       0 |   0.0 |       1 |       0 |   0.0
        D:6 |     240 |       0 |   0.0 |       2 |       0 |   0.0
            +---------+---------+-------+---------+---------+-------
